 Dungeon Crawl Stone Soup version 0.31.0-1-g2c135a0 (webtiles) character file.

Game seed: 5051032220222188871

54 Think the Ducker (level 3, -4/26 HPs)
             Began as an Octopode Fighter on Feb 27, 2024.
             Slain by a gnoll
             ... wielding a +0 spear
              (6 damage)
             ... on level 2 of the Dungeon.
             The game lasted 00:01:41 (858 turns).

Think the Ducker (Octopode Fighter)                  Turns: 858, Time: 00:01:41

Health: -4/26      AC:  1    Str: 15    XL:     3   Next: 91%
Magic:  3/3        EV: 14    Int: 10    God:
Gold:   24         SH:  4    Dex: 13    Spells: 2/2 levels left

rFire   . . .        a - +0 long sword
rCold   . . .        b - +0 buckler
rNeg    . . .        (helmet restricted)
rPois   .            (no amulet)
rElec   .            (no ring)
rCorr   .            (no ring)
SInv    .            (no ring)
Will    .....        (no ring)
Stlth   ++           (no ring)
HPRegen 0.24/turn    (no ring)
MPRegen 0.08/turn    (no ring)
                     (no ring)

%: no passive effects
@: no status effects
A: almost no armour, amphibious, 8 rings, camouflage 1, gelatinous body 1,
(nimble swimmer 1), tentacles
a: no special abilities


You were on level 2 of the Dungeon.
You visited 1 branch of the dungeon, and saw 2 of its levels.

You collected 24 gold pieces.

Inventory:

Hand Weapons
 a - a +0 long sword (weapon)
Armour
 b - a +0 buckler (worn)
Scrolls
 f - a scroll of teleportation {unknown}
 h - 5 scrolls of identify {unknown}
 i - 4 scrolls of blinking {unknown}
 l - a scroll of fog {unknown}
Potions
 c - a potion of might
 d - a potion of berserk rage {unknown}
 e - a potion of heal wounds {unknown}
 g - a potion of degeneration {unknown}
 j - a potion of mutation {unknown}
 k - a potion of attraction {unknown}
 m - a potion of haste {unknown}


   Skills:
 - Level 3.0 Fighting
 - Level 2.0 Long Blades
 + Level 4.7 Dodging
 - Level 3.0 Shields


You had 2 spell levels left.
You didn't know any spells.
Your spell library contained the following spells:

 Spells                   Type           Power      Damage    Failure   Level
 Ozocubu's Armour         Ice            0%         N/A       83%         3
 Metabolic Englaciation   Hex/Ice        0%         N/A       100%        5
 Sculpt Simulacrum        Ice/Alch       0%         N/A       100%        6


Dungeon Overview and Level Annotations

Branches:
Dungeon (2/15)

Altars:


Innate Abilities, Weirdness & Mutations

You cannot wear most types of armour.
You are amphibious.
You can wear up to eight rings at the same time.
Your skin changes colour to match your surroundings (Stealth+).
Your rubbery body absorbs attacks. (AC +1, EV +1)
((You are camouflaged when in or above water. (Stealth+)))
You have tentacles for arms and can constrict up to eight enemies at once.


Message History

No target in view!
A hobgoblin comes into view.
A hobgoblin is nearby!
A hobgoblin is nearby!
A gnoll comes into view. It is wielding a +0 spear.
The hobgoblin shouts!
The gnoll shouts!
You hear a shout!
You block the hobgoblin's attack.
You barely miss the hobgoblin. You grab the hobgoblin.
You constrict the hobgoblin. You block the hobgoblin's attack.
A gnoll comes into view. It is wielding a +0 flail.
A kobold comes into view. It is wielding a +0 whip.
You slash the hobgoblin!
You kill the hobgoblin!
The kobold hits you with a +0 whip.
You see here a hobgoblin corpse.
You closely miss the kobold. You grab the kobold.
You squeeze the kobold, but do no damage.
You constrict the kobold. The gnoll completely misses you.
The kobold misses you.
A gnoll comes into view.
It is wielding a +0 flail of protection.
You block the gnoll's attack. The kobold closely misses you.
The gnoll shouts!
You slash the kobold!
You kill the kobold!
The gnoll hits you from afar with a +0 spear!
A bombardier beetle comes into view.
Found a scroll labelled ELUIRCHUFYB.
The gnoll misses you.
You closely miss the gnoll. You grab the gnoll. You constrict the gnoll.
The gnoll hits you with a +0 spear! The gnoll barely misses you.
The gnoll closely misses you. The gnoll hits you with a +0 spear!
* * * LOW HITPOINT WARNING * * *
There are monsters nearby!
There are monsters nearby!
Okay, then.
Okay, then.
You hit the gnoll.
You squeeze the gnoll, but do no damage.
The gnoll is heavily wounded.
You constrict the gnoll. The gnoll hits you with a +0 spear.
You die...

#......?.# #........ #.
#....... ...
######.....# .#.
.....#.....# #.#.
.......g...# #.#.
.......gg..# ##.#.
.......@...#########....
..B...)†.........>......
......####.#########"...
...... #.# #.... .....
#.# #.... ..... #..
##### .### ##. .. ..


You could see a bombardier beetle and 3 gnolls.

Vanquished Creatures
  3 adders (D:2)
  3 bats (D:1)
  2 endoplasms (D:1)
  3 giant cockroaches (D:1)
  3 goblins (D:1)
  2 hobgoblins
  3 ball pythons (D:1)
  2 frilled lizards
  5 kobolds
  3 rats (D:1)
29 creatures vanquished.

Notes
Turn   | Place    | Note
-------+----------+-------------------------------------------
     0 | D:1      | Think the Octopode Fighter began the quest for the Orb.
     0 | D:1      | Reached XP level 1. HP: 16/16 MP: 1/1
    86 | D:1      | Reached XP level 2. HP: 10/21 MP: 2/2
   543 | D:1      | Reached skill level 4 in Dodging
   746 | D:1      | Reached XP level 3. HP: 22/26 MP: 3/3
   858 | D:2      | Slain by a gnoll

Illustrated notes

Levels and vault maps discovered:
D:1:      minmay_arrival_three_doors, layout_loops_ring
D:2:      minmay_razor_zed, layout_basic, ebering_ecumenical_altar_abandoned,
          basic_altar, serial_glass, glass_columns_b, glass_columns_a

Skill      XL: |  1  2 |
---------------+-------+-----
Dodging        | 4 |  4.7
Fighting       | |  3.0
Long Blades    | |  2.0
Shields        | |  3.0

Action                     || total
---------------------------++-------
  Melee: Long sword        ||    50
         Constrict         ||    15
         Tentacles         ||    10
         Punch             ||     1
   Stab: Sleeping          ||     8
 Armour: Skin              ||    22
  Dodge: Dodged            ||    30
  Block: Buckler           ||    15
